 Dungeon Crawl Stone Soup version 0.29.1-15-g9cfb28693d (webtiles) character file.

Game seed: 12173441091900385393

33 joshe the Sneak (level 3, 0/16 HPs)
             Began as a Spriggan Enchanter on Mar 19, 2023.
             Succumbed to a kobold's poison
             ... on level 1 of the Dungeon.
             The game lasted 00:05:23 (1491 turns).

joshe the Sneak (Spriggan Enchanter)                Turns: 1491, Time: 00:05:24

Health: 0/16       AC:  2    Str:  4    XL:     3   Next: 12%
Magic:  8/8        EV: 17    Int: 16    God:
Gold:   38         SH:  0    Dex: 17    Spells: 7/7 levels left

rFire   . . .      SeeInvis +   k - +2 dagger (venom)
rCold   . . .      Faith    .   (no shield)
rNeg    . . .      Spirit   .   b - +0 robe
rPois   .          Reflect  .   (helmet restricted)
rElec   .          Harm     .   (no cloak)
rCorr   .          Rampage  .   (gloves unavailable)
Will    .....                   (boots unavailable)
Stlth   +++.......              (no amulet)
HPRegen 0.05/turn               (no ring)
MPRegen 0.11/turn               (no ring)

@: lethally poisoned (0 -> -18), very quick
A: very small, no large weapons, unfitting armour, see invisible, speed 3
a: no special abilities


You were on level 1 of the Dungeon.
You visited 1 branch of the dungeon, and saw 1 of its levels.

You collected 38 gold pieces.

Inventory:

Hand Weapons
 k - a +2 dagger of venom (weapon)
Armour
 b - a +0 robe (worn)
Scrolls
 d - a scroll of noise {unknown}
 g - a scroll of teleportation {unknown}
 h - a scroll of fear {unknown}
 j - 4 scrolls of identify {unknown}
Potions
 c - 2 potions of invisibility
 e - a potion of heal wounds {unknown}
 f - a potion of ambrosia {unknown}
 i - a potion of curing {unknown}


   Skills:
 * Level 3.1 Short Blades
 - Level 2.6 Dodging
 + Level 4.9 Stealth
 - Level 2.6 Spellcasting
 - Level 3.6 Hexes


You had 7 spell levels left.
You didn't know any spells.
Your spell library contained the following spells:

 Spells                   Type           Power      Damage    Failure   Level
 Confusing Touch          Hex            13%        N/A       13%         3
 Tukima's Dance           Hex            13%        N/A       13%         3
 Ensorcelled Hibernation  Hex/Ice        14%        N/A       14%         2
 Dazzling Flash           Conj/Hex       14%        N/A       28%         3


Dungeon Overview and Level Annotations

Branches:
Dungeon (1/15)

Altars:


Innate Abilities, Weirdness & Mutations

You are very small and have problems with some larger weapons.
You are too small for most types of armour.
You have supernaturally acute eyesight. (SInv)
You cover ground extremely quickly. (Speed+++)


Message History

Found a book of Conjurations.
You strike the helpless kobold from behind!
You puncture the kobold!
You kill the kobold!
The ball python hisses angrily.
You hear a shout! x2
A kobold comes into view. It is wielding a +5 dagger of venom.
Things that are here:
a +2 dagger of venom; 3 scrolls labelled RUOKISH HEGY; 11 gold pieces
k - a +2 dagger of venom
j - 4 scrolls labelled RUOKISH HEGY (gained 3)
Your +2 dagger of venom begins to drip with poison!
k - a +2 dagger of venom (weapon)
You drop a +1 dagger.
A hobgoblin comes into view.
You closely miss the ball python. The ball python closely misses you.
The ball python grabs you. The ball python constricts you.
You barely miss the ball python. The ball python barely misses you.
The ball python constricts you.
You hit the ball python.
You kill the ball python!
The hobgoblin hits you.
Things that are here:
a +1 dagger; 11 gold pieces You hit the hobgoblin but do no damage.
The hobgoblin is poisoned.
You punch the hobgoblin, but do no damage.
The hobgoblin hits you.
You hit the hobgoblin but do no damage.
The hobgoblin looks as sick as possible!
The hobgoblin is moderately wounded.
The hobgoblin misses you.
You barely miss the hobgoblin.
The hobgoblin is moderately wounded.
You kill the hobgoblin!
You barely miss the kobold. The kobold misses you.
You hit the kobold.
The kobold is poisoned.
The kobold is heavily wounded.
The kobold hits you with a +5 dagger of venom.
* * * LOW HITPOINT WARNING * * *
You are lethally poisoned!
You die...

..##### #.....#
......###
.###....###
.#.#.##...#
#.##.####.# #
.#...#
#.###########.#
##..##
#.............##
...##
#.######@.......
...###.##.#
#.####.##
.'.....##.# #K#
.#####'##+# #†#
.'.# #.. .#.#
...# .#.# ..?.
##.# ...### ...
.:.#


You could see a kobold (very poisoned).

Vanquished Creatures
  3 dart slugs (D:1)
  5 bats (D:1)
  2 endoplasms (D:1)
  A giant cockroach (D:1)
  A hobgoblin (D:1)
  A quokka (D:1)
  4 ball pythons (D:1)
  A goblin (D:1)
  4 kobolds (D:1)
  4 rats (D:1)
26 creatures vanquished.

Notes
Turn   | Place    | Note
-------+----------+-------------------------------------------
     0 | D:1      | joshe the Spriggan Enchanter began the quest for the Orb.
     0 | D:1      | Reached XP level 1. HP: 9/9 MP: 5/5
   467 | D:1      | Reached XP level 2. HP: 13/13 MP: 6/6
  1161 | D:1      | Reached XP level 3. HP: 7/16 MP: 8/8
  1491 | D:1      | Succumbed to a kobold's poison

Illustrated notes

Levels and vault maps discovered:
D:1:      ncdulo_halloftheorcs, layout_basic,
          dreamdust_ecumenical_altar_angels_and_demons, solitary_fountain,
          minmay_vboxes

Skill      XL: |  1  2 |
---------------+-------+-----
Short Blades   | 2 3 |  3.1
Dodging        | |  2.6
Stealth        | |  4.9
Spellcasting   | |  2.6
Hexes          | |  3.6

Action                   || total
-------------------------++-------
Melee: Dagger            ||   110
       Punch             ||     3
 Stab: Sleeping          ||     1
       Distracted        ||     1
Armor: Robe              ||     7
Dodge: Dodged            ||    82
